3190 views
Uploaded 2020-08-11 23:34:14
Game version 1.32.8
72:28 long 1on1on1on1 ladder game on (6)SilverpineForest
Saved by pure
3190 views
Uploaded 2020-08-11 23:34:14
Game version 1.32.8
72:28 long 1on1on1on1 ladder game on (6)SilverpineForest

77 units @ 9k
/ 1.4k
32 buildings @ 3.2k
/ 1.5k



x1)
| Scroll of Regeneration | 3 | 300 |
| Lesser Clarity Potion | 1 | 70 |
| Ivory Tower | 2 | 80 |
| Staff of Sanctuary | 1 | 250 |
| Scroll of Town Portal | 2 | 700 |
| Tome of Retraining | 1 | 300 |
| total: | 10 | 1700g |
| Peasant | 32 | 2400 | / | 0 |
| Footman | 6 | 810 | / | 0 |
| Rifleman | 2 | 410 | / | 60 |
| Priest | 4 | 540 | / | 40 |
| Sorceress | 3 | 465 | / | 60 |
| Flying Machine | 21 | 2100 | / | 630 |
| Dragonhawk Rider | 2 | 400 | / | 60 |
| Knight | 3 | 735 | / | 180 |
| Mortar Team | 2 | 360 | / | 140 |
| Goblin Shredder | 2 | 750 | / | 200 |
| total: | 77 | 8970g | / | 1370w |
| Scout Tower | 10 | 300 | / | 200 |
| Arcane Tower | 2 | 140 | / | 100 |
| Guard Tower | 8 | 560 | / | 400 |
| Altar of Kings | 1 | 180 | / | 50 |
| Barracks | 1 | 160 | / | 60 |
| Farm | 12 | 960 | / | 240 |
| Lumber Mill | 1 | 120 | / | 0 |
| Blacksmith | 1 | 140 | / | 60 |
| Arcane Vault | 1 | 130 | / | 30 |
| Town Hall | 2 | 770 | / | 410 |
| Arcane Sanctum | 1 | 150 | / | 140 |
| Workshop | 1 | 140 | / | 140 |
| Gryphon Aviary | 1 | 140 | / | 150 |
| Keep | 1 | 320 | / | 210 |
| Castle | 2 | 720 | / | 420 |
| total: | 32 | 3190g | / | 1480w |
| 0:03 | Peasant |
| 0:03 | Peasant |
| 0:03 | Peasant |
| 0:04 | Peasant |
| 0:04 | Peasant |
| 0:10 | Altar of Kings |
| 0:23 | Barracks |
| 0:31 | Peasant |
| 0:32 | Peasant |
| 0:32 | Peasant |
| 0:48 | Farm |
| 1:03 | Peasant |
| 1:13 | Lumber Mill |
| 1:20 | Peasant |
| 1:23 | Farm |
| 1:31 | Farm |
| 1:34 | Footman |
| 1:41 | Footman |
| 2:00 | Scout Tower |
| 2:04 | Footman |
| 2:23 | Summon Water Elemental |
| 2:27 | Footman |
| 2:30 | Farm |
| 2:43 | Footman |
| 2:44 | Arcane Tower |
| 2:46 | Peasant |
| 3:05 | Footman |
| 3:17 | Peasant |
| 3:17 | Peasant |
| 3:19 | Farm |
| 3:28 | Peasant |
| 3:28 | Peasant |
| 3:28 | Peasant |
| 3:51 | Brilliance Aura |
| 4:07 | Peasant |
| 4:07 | Peasant |
| 4:22 | Keep |
| 4:50 | Blacksmith |
| 4:55 | Farm |
| 4:56 | Farm |
| 5:06 | Summon Water Elemental |
| 5:23 | Scout Tower |
| 5:31 | Defend |
| 5:59 | Arcane Vault |
| 6:15 | Rifleman |
| 6:15 | Guard Tower |
| 6:47 | Arcane Sanctum |
| 6:54 | Peasant |
| 6:54 | Peasant |
| 6:54 | Peasant |
| 6:54 | Peasant |
| 6:57 | Farm |
| 7:12 | Peasant |
| 7:12 | Peasant |
| 7:12 | Peasant |
| 7:18 | Brilliance Aura |
| 7:23 | Iron Forged Swords |
| 7:46 | Scroll of Regeneration |
| 7:46 | Scroll of Regeneration |
| 7:46 | Lesser Clarity Potion |
| 7:47 | Ivory Tower |
| 7:47 | Ivory Tower |
| 8:02 | Storm Bolt |
| 8:22 | Town Hall |
| 8:25 | Arcane Tower |
| 8:52 | Guard Tower |
| 9:12 | Priest |
| 9:13 | Priest |
| 9:15 | Peasant |
| 9:15 | Peasant |
| 9:19 | Farm |
| 10:14 | Castle |
| 10:43 | Scout Tower |
| 10:43 | Scout Tower |
| 10:50 | Workshop |
| 10:52 | Gryphon Aviary |
| 11:14 | Iron Plating |
| 11:31 | Goblin Shredder |
| 11:31 | Goblin Shredder |
| 11:45 | Rifleman |
| 11:56 | Scroll of Regeneration |
| 12:04 | Scout Tower |
| 12:05 | Scout Tower |
| 12:17 | Scroll of Town Portal |
| 12:22 | Sorceress |
| 12:22 | Sorceress |
| 12:25 | Flying Machine |
| 12:25 | Flying Machine |
| 12:25 | Flying Machine |
| 12:25 | Flying Machine |
| 12:25 | Flying Machine |
| 12:26 | Flak Cannons |
| 12:29 | Peasant |
| 12:29 | Peasant |
| 12:29 | Peasant |
| 12:29 | Peasant |
| 12:31 | Peasant |
| 12:42 | Guard Tower |
| 12:50 | Guard Tower |
| 13:11 | Dragonhawk Rider |
| 13:29 | Sorceress Adept Training |
| 14:01 | Tome of Retraining |
| 14:01 | Retrain Hero |
| 14:06 | Blizzard |
| 14:06 | Blizzard |
| 14:07 | Brilliance Aura |
| 14:07 | Brilliance Aura |
| 14:16 | Farm |
| 14:17 | Farm |
| 14:31 | Flying Machine |
| 14:31 | Flying Machine |
| 14:31 | Flying Machine |
| 14:31 | Flying Machine |
| 14:44 | Sorceress Master Training |
| 15:25 | Black Gunpowder |
| 15:30 | Dragonhawk Rider |
| 15:48 | Flying Machine |
| 15:48 | Flying Machine |
| 15:51 | Farm |
| 16:00 | Priest Adept Training |
| 16:15 | Staff of Sanctuary |
| 16:31 | Steel Forged Swords |
| 16:38 | Holy Light |
| 16:58 | Knight |
| 16:59 | Animal War Training |
| 17:25 | Scout Tower |
| 17:26 | Scout Tower |
| 17:27 | Scout Tower |
| 17:28 | Scout Tower |
| 17:31 | Sorceress |
| 17:54 | Thunder Clap |
| 17:57 | Guard Tower |
| 18:16 | Devotion Aura |
| 18:31 | Guard Tower |
| 18:40 | Knight |
| 18:40 | Knight |
| 18:41 | Sundering Blades |
| 19:31 | Mortar Team |
| 19:31 | Mortar Team |
| 19:49 | Refined Gunpowder |
| 20:09 | Flying Machine |
| 20:09 | Flying Machine |
| 20:10 | Flying Machine |
| 20:54 | Flying Machine |
| 20:54 | Flying Machine |
| 20:54 | Flying Machine |
| 20:55 | Flying Machine |
| 21:06 | Imbued Gunpowder |
| 21:21 | Priest Master Training |
| 21:53 | Scroll of Town Portal |
| 22:32 | Flying Machine |
| 22:32 | Flying Machine |
| 22:33 | Flying Machine |
| 23:05 | Priest |
| 23:05 | Priest |
| 24:52 | Town Hall |
| Right click | 744 |
| Select | 571 |
| Select group | 277 |
| Build/train/purchase | 199 |
| Misc. action | 104 |
| Chat | 85 |
| Use ability | 54 |
| Assign group | 46 |
| Esc | 10 |
| Item give/drop | 2 |
49 units @ 7.5k
/ 2.2k
39 buildings @ 3.3k
/ 1.3k

| Scroll of Town Portal | 5 | 1750 |
| total: | 5 | 1750g |
| Peasant | 13 | 975 | / | 0 |
| Sorceress | 5 | 775 | / | 100 |
| Mortar Team | 23 | 4140 | / | 1610 |
| Siege Engine | 8 | 1560 | / | 480 |
| total: | 49 | 7450g | / | 2190w |
| Scout Tower | 13 | 390 | / | 260 |
| Arcane Tower | 2 | 140 | / | 100 |
| Guard Tower | 9 | 630 | / | 450 |
| Altar of Kings | 1 | 180 | / | 50 |
| Lumber Mill | 4 | 480 | / | 0 |
| Farm | 15 | 1200 | / | 300 |
| Blacksmith | 1 | 140 | / | 60 |
| Arcane Vault | 1 | 130 | / | 30 |
| Town Hall | 1 | 385 | / | 205 |
| Cannon Tower | 2 | 240 | / | 200 |
| Arcane Sanctum | 1 | 150 | / | 140 |
| Workshop | 2 | 280 | / | 280 |
| Keep | 1 | 320 | / | 210 |
| Castle | 1 | 360 | / | 210 |
| total: | 39 | 3335g | / | 1325w |
| 0:08 | Altar of Kings |
| 0:11 | Lumber Mill |
| 0:15 | Lumber Mill |
| 0:17 | Peasant |
| 0:18 | Peasant |
| 0:34 | Farm |
| 0:39 | Peasant |
| 0:56 | Peasant |
| 1:13 | Farm |
| 1:24 | Peasant |
| 1:24 | Peasant |
| 1:25 | Peasant |
| 1:35 | Peasant |
| 1:40 | Peasant |
| 1:49 | Farm |
| 2:14 | Summon Water Elemental |
| 2:25 | Peasant |
| 2:25 | Peasant |
| 3:15 | Keep |
| 3:19 | Blacksmith |
| 3:22 | Arcane Vault |
| 3:28 | Scout Tower |
| 3:58 | Scout Tower |
| 4:00 | Arcane Tower |
| 4:27 | Farm |
| 4:29 | Guard Tower |
| 4:33 | Farm |
| 4:39 | Farm |
| 4:42 | Black Gunpowder |
| 5:10 | Farm |
| 5:13 | Scout Tower |
| 5:16 | Farm |
| 5:40 | Arcane Sanctum |
| 5:43 | Workshop |
| 5:48 | Workshop |
| 5:54 | Farm |
| 5:55 | Scout Tower |
| 5:57 | Guard Tower |
| 6:01 | Scout Tower |
| 6:15 | Peasant |
| 6:15 | Peasant |
| 6:28 | Arcane Tower |
| 6:31 | Scout Tower |
| 6:34 | Farm |
| 6:52 | Cannon Tower |
| 7:02 | Sorceress Adept Training |
| 7:05 | Sorceress |
| 7:19 | Guard Tower |
| 7:43 | Refined Gunpowder |
| 7:46 | Flare |
| 8:00 | Scout Tower |
| 8:11 | Mortar Team |
| 8:16 | Scout Tower |
| 8:19 | Mortar Team |
| 8:36 | Cannon Tower |
| 8:45 | Scout Tower |
| 8:52 | Guard Tower |
| 9:04 | Mortar Team |
| 9:18 | Guard Tower |
| 9:26 | Mortar Team |
| 9:28 | Sorceress |
| 9:30 | Sorceress |
| 9:50 | Mortar Team |
| 10:17 | Mortar Team |
| 10:30 | Sorceress |
| 10:49 | Sorceress |
| 11:08 | Mortar Team |
| 11:34 | Mortar Team |
| 12:00 | Mortar Team |
| 12:26 | Mortar Team |
| 13:18 | Castle |
| 14:48 | Scroll of Town Portal |
| 15:28 | Scout Tower |
| 15:32 | Scout Tower |
| 16:03 | Scout Tower |
| 16:15 | Guard Tower |
| 16:17 | Scout Tower |
| 16:57 | Imbued Gunpowder |
| 17:04 | Guard Tower |
| 17:06 | Guard Tower |
| 17:08 | Guard Tower |
| 17:22 | Mortar Team |
| 17:28 | Barrage |
| 17:30 | Siege Engine |
| 17:32 | Siege Engine |
| 17:48 | Siege Engine |
| 17:52 | Lumber Mill |
| 18:19 | Farm |
| 18:26 | Siege Engine |
| 18:51 | Lumber Mill |
| 19:15 | Siege Engine |
| 19:31 | Farm |
| 20:18 | Farm |
| 20:35 | Mortar Team |
| 20:36 | Fragmentation Shards |
| 20:52 | Mortar Team |
| 21:04 | Farm |
| 21:32 | Mortar Team |
| 21:35 | Farm |
| 22:21 | Scroll of Town Portal |
| 24:25 | Siege Engine |
| 24:28 | Siege Engine |
| 24:42 | Siege Engine |
| 25:37 | Scroll of Town Portal |
| 27:09 | Brilliance Aura |
| 27:57 | Mortar Team |
| 27:58 | Mortar Team |
| 27:58 | Mortar Team |
| 28:17 | Mortar Team |
| 28:40 | Mortar Team |
| 29:03 | Scroll of Town Portal |
| 29:29 | Mortar Team |
| 30:23 | Scroll of Town Portal |
| 33:22 | Mortar Team |
| 33:23 | Mortar Team |
| 33:24 | Mortar Team |
| 36:55 | Magic Sentry |
| 42:11 | Town Hall |
| Right click | 868 |
| Select | 752 |
| Select group | 383 |
| Chat | 243 |
| Use ability | 120 |
| Build/train/purchase | 94 |
| Assign group | 54 |
| Remove unit | 4 |
| Minimap ping | 1 |
127 units @ 16.1k
/ 1.8k
102 buildings @ 17.3k
/ 4.5k



| Scroll of Healing | 1 | 250 |
| Boots of Speed | 4 | 1000 |
| Potion of Lesser Invulnerability | 2 | 300 |
| Periapt of Vitality | 1 | 325 |
| Scroll of Protection | 1 | 150 |
| total: | 9 | 2025g |
| Acolyte | 66 | 4950 | / | 0 |
| Ghoul | 22 | 2640 | / | 0 |
| Crypt Fiend | 9 | 1935 | / | 360 |
| Frost Wyrm | 6 | 2310 | / | 720 |
| Obsidian Statue | 2 | 400 | / | 70 |
| Gargoyle | 22 | 3850 | / | 660 |
| total: | 127 | 16085g | / | 1810w |
| Nerubian Tower | 7 | 700 | / | 140 |
| Spirit Tower | 8 | 1160 | / | 320 |
| Altar of Darkness | 4 | 720 | / | 200 |
| Ziggurat | 62 | 9300 | / | 3100 |
| Crypt | 9 | 1800 | / | 450 |
| Graveyard | 3 | 645 | / | 0 |
| Tomb of Relics | 2 | 260 | / | 60 |
| Necropolis | 18 | 4050 | / | 0 |
| Sacrificial Pit | 1 | 75 | / | 150 |
| Slaughterhouse | 1 | 140 | / | 135 |
| Boneyard | 2 | 350 | / | 400 |
| Halls of the Dead | 2 | 640 | / | 420 |
| Black Citadel | 1 | 325 | / | 230 |
| total: | 102 | 17340g | / | 4495w |
| 0:05 | Acolyte |
| 0:05 | Acolyte |
| 0:07 | Altar of Darkness |
| 0:09 | Ziggurat |
| 0:39 | Crypt |
| 0:58 | Crypt |
| 1:23 | Graveyard |
| 1:40 | Ghoul |
| 1:58 | Ghoul |
| 2:00 | Ghoul |
| 2:07 | Carrion Beetles |
| 2:13 | Ghoul |
| 2:45 | Halls of the Dead |
| 2:57 | Ziggurat |
| 3:11 | Creature Carapace |
| 3:55 | Crypt Fiend |
| 4:10 | Ziggurat |
| 4:29 | Creature Attack |
| 4:31 | Spiked Carapace |
| 5:25 | Burrow |
| 5:39 | Black Citadel |
| 5:51 | Carrion Beetles |
| 5:58 | Improved Creature Carapace |
| 6:04 | Death Coil |
| 6:15 | Sacrificial Pit |
| 7:20 | Improved Creature Attack |
| 7:56 | Unholy Aura |
| 8:05 | Acolyte |
| 8:07 | Boneyard |
| 8:25 | Acolyte |
| 8:41 | Boneyard |
| 8:49 | Ziggurat |
| 9:12 | Ziggurat |
| 9:14 | Ziggurat |
| 9:15 | Acolyte |
| 9:22 | Frost Nova |
| 9:40 | Spiked Carapace |
| 9:49 | Frost Wyrm |
| 9:53 | Death Coil |
| 10:02 | Advanced Creature Attack |
| 10:10 | Frost Wyrm |
| 10:24 | Acolyte |
| 10:50 | Frost Wyrm |
| 11:03 | Web |
| 11:11 | Ghoul |
| 12:22 | Dark Ritual |
| 12:27 | Frost Wyrm |
| 12:28 | Ziggurat |
| 12:35 | Ziggurat |
| 12:50 | Slaughterhouse |
| 12:53 | Tomb of Relics |
| 12:56 | Tomb of Relics |
| 13:36 | Advanced Creature Carapace |
| 14:00 | Obsidian Statue |
| 14:16 | Acolyte |
| 14:21 | Freezing Breath |
| 15:00 | Necropolis |
| 15:05 | Nerubian Tower |
| 15:07 | Ghoul |
| 15:26 | Obsidian Statue |
| 15:40 | Spirit Tower |
| 15:51 | Acolyte |
| 15:51 | Acolyte |
| 16:39 | Ziggurat |
| 17:28 | Necropolis |
| 18:31 | Ziggurat |
| 18:39 | Ziggurat |
| 18:54 | Ziggurat |
| 18:57 | Ziggurat |
| 18:59 | Ziggurat |
| 19:04 | Acolyte |
| 19:22 | Crypt Fiend |
| 19:30 | Frost Wyrm |
| 19:41 | Frost Wyrm |
| 20:23 | Crypt Fiend |
| 21:06 | Acolyte |
| 22:09 | Acolyte |
| 22:44 | Necropolis |
| 23:15 | Acolyte |
| 23:15 | Acolyte |
| 23:15 | Acolyte |
| 24:17 | Frost Nova |
| 24:19 | Acolyte |
| 24:19 | Acolyte |
| 24:19 | Acolyte |
| 24:19 | Acolyte |
| 24:24 | Necropolis |
| 25:47 | Unholy Aura |
| 25:48 | Carrion Beetles |
| 25:59 | Ziggurat |
| 26:01 | Ziggurat |
| 26:03 | Ziggurat |
| 26:06 | Ziggurat |
| 27:05 | Spirit Tower |
| 27:06 | Spirit Tower |
| 28:25 | Necropolis |
| 30:11 | Acolyte |
| 30:11 | Acolyte |
| 30:18 | Necropolis |
| 31:07 | Acolyte |
| 31:07 | Acolyte |
| 31:07 | Acolyte |
| 32:29 | Necropolis |
| 32:46 | Acolyte |
| 32:46 | Acolyte |
| 32:59 | Necropolis |
| 33:12 | Crypt Fiend |
| 34:21 | Acolyte |
| 34:21 | Acolyte |
| 34:26 | Ziggurat |
| 35:04 | Acolyte |
| 35:25 | Necropolis |
| 35:59 | Altar of Darkness |
| 36:02 | Ziggurat |
| 36:58 | Acolyte |
| 36:59 | Acolyte |
| 36:59 | Acolyte |
| 37:00 | Ziggurat |
| 37:37 | Acolyte |
| 37:39 | Altar of Darkness |
| 37:42 | Ziggurat |
| 38:07 | Necropolis |
| 38:20 | Crypt |
| 38:23 | Acolyte |
| 38:26 | Ziggurat |
| 39:29 | Ziggurat |
| 39:31 | Altar of Darkness |
| 40:57 | Acolyte |
| 40:57 | Acolyte |
| 42:00 | Acolyte |
| 42:00 | Acolyte |
| 42:19 | Acolyte |
| 42:19 | Acolyte |
| 42:20 | Acolyte |
| 42:43 | Acolyte |
| 42:46 | Ziggurat |
| 43:32 | Acolyte |
| 43:37 | Ziggurat |
| 43:40 | Graveyard |
| 43:48 | Crypt |
| 43:56 | Necropolis |
| 44:34 | Nerubian Tower |
| 45:12 | Boots of Speed |
| 45:22 | Acolyte |
| 45:22 | Acolyte |
| 45:22 | Acolyte |
| 46:11 | Spirit Tower |
| 46:14 | Ziggurat |
| 46:15 | Ziggurat |
| 46:19 | Ziggurat |
| 46:20 | Ziggurat |
| 46:55 | Crypt Fiend |
| 46:55 | Crypt Fiend |
| 46:58 | Ziggurat |
| 47:02 | Ziggurat |
| 47:03 | Ziggurat |
| 47:05 | Ziggurat |
| 47:18 | Spirit Tower |
| 47:22 | Ziggurat |
| 47:47 | Crypt |
| 48:20 | Nerubian Tower |
| 48:22 | Nerubian Tower |
| 48:24 | Spirit Tower |
| 48:27 | Ghoul |
| 48:27 | Ghoul |
| 48:27 | Ghoul |
| 49:03 | Acolyte |
| 49:03 | Acolyte |
| 49:03 | Acolyte |
| 49:07 | Acolyte |
| 49:07 | Acolyte |
| 49:08 | Acolyte |
| 49:44 | Halls of the Dead |
| 49:48 | Acolyte |
| 49:51 | Ghoul |
| 50:03 | Unholy Armor |
| 50:09 | Crypt Fiend |
| 50:48 | Crypt Fiend |
| 52:20 | Crypt Fiend |
| 52:28 | Acolyte |
| 52:28 | Acolyte |
| 52:31 | Ziggurat |
| 52:33 | Ziggurat |
| 52:34 | Ziggurat |
| 52:35 | Ziggurat |
| 52:36 | Ziggurat |
| 52:38 | Ziggurat |
| 52:39 | Ziggurat |
| 52:41 | Ziggurat |
| 52:47 | Graveyard |
| 52:50 | Crypt |
| 53:17 | Gargoyle |
| 53:23 | Acolyte |
| 53:23 | Acolyte |
| 53:23 | Acolyte |
| 53:30 | Ziggurat |
| 53:32 | Ziggurat |
| 53:34 | Ziggurat |
| 53:35 | Ziggurat |
| 53:37 | Ziggurat |
| 53:40 | Nerubian Tower |
| 53:42 | Nerubian Tower |
| 53:43 | Spirit Tower |
| 53:47 | Ziggurat |
| 53:50 | Ziggurat |
| 53:54 | Ziggurat |
| 54:11 | Ghoul |
| 54:26 | Spirit Tower |
| 54:28 | Nerubian Tower |
| 54:34 | Necropolis |
| 56:23 | Necropolis |
| 56:31 | Necropolis |
| 56:49 | Gargoyle |
| 56:50 | Gargoyle |
| 56:50 | Gargoyle |
| 57:03 | Ziggurat |
| 57:04 | Ziggurat |
| 57:07 | Ziggurat |
| 57:16 | Crypt |
| 58:31 | Dark Ritual |
| 58:55 | Gargoyle |
| 58:55 | Gargoyle |
| 58:55 | Gargoyle |
| 58:55 | Gargoyle |
| 59:46 | Ziggurat |
| 59:48 | Ziggurat |
| 59:49 | Ziggurat |
| 59:54 | Ghoul |
| 59:54 | Ghoul |
| 59:54 | Ghoul |
| 60:00 | Ziggurat |
| 60:01 | Ziggurat |
| 60:03 | Crypt |
| 60:06 | Crypt |
| 61:18 | Gargoyle |
| 61:18 | Gargoyle |
| 61:21 | Ziggurat |
| 61:24 | Ziggurat |
| 62:03 | Gargoyle |
| 62:03 | Gargoyle |
| 62:03 | Gargoyle |
| 62:03 | Gargoyle |
| 62:03 | Gargoyle |
| 62:05 | Acolyte |
| 62:06 | Acolyte |
| 62:06 | Acolyte |
| 62:06 | Acolyte |
| 62:55 | Death Coil |
| 63:06 | Gargoyle |
| 63:06 | Gargoyle |
| 63:11 | Boots of Speed |
| 63:11 | Potion of Lesser Invulnerability |
| 63:29 | Ghoul |
| 63:29 | Ghoul |
| 63:37 | Necropolis |
| 63:52 | Acolyte |
| 65:20 | Acolyte |
| 65:26 | Gargoyle |
| 65:26 | Gargoyle |
| 65:30 | Gargoyle |
| 65:31 | Gargoyle |
| 65:31 | Gargoyle |
| 65:42 | Ghoul |
| 65:42 | Ghoul |
| 65:42 | Ghoul |
| 65:42 | Ghoul |
| 65:56 | Boots of Speed |
| 65:56 | Periapt of Vitality |
| 65:57 | Scroll of Protection |
| 65:57 | Potion of Lesser Invulnerability |
| 65:58 | Scroll of Healing |
| 65:59 | Boots of Speed |
| 67:04 | Ghoul |
| 67:05 | Ghoul |
| 67:19 | Acolyte |
| 67:19 | Acolyte |
| 67:42 | Necropolis |
| 68:21 | Ziggurat |
| 68:39 | Necropolis |
| 68:43 | Necropolis |
| Right click | 1979 |
| Select group | 1174 |
| Select | 1116 |
| Chat | 554 |
| Build/train/purchase | 252 |
| Use ability | 118 |
| Assign group | 23 |
| Item give/drop | 6 |
| Minimap ping | 6 |
| Remove unit | 5 |
| Misc. action | 3 |
53 units @ 6.6k
/ 0.7k
45 buildings @ 8.1k
/ 4.3k



| Healing Salve | 4 | 400 |
| Scroll of Speed | 2 | 100 |
| Lesser Clarity Potion | 1 | 70 |
| Potion of Healing | 2 | 300 |
| Orb of Lightning | 1 | 375 |
| Scroll of Healing | 1 | 250 |
| Scroll of Town Portal | 8 | 2800 |
| Dust of Appearance | 2 | 150 |
| Potion of Lesser Invulnerability | 1 | 150 |
| Pendant of Mana | 3 | 1800 |
| Khadgar's Gem of Health | 4 | 2400 |
| Medallion of Courage | 2 | 1000 |
| Khadgar's Pipe of Insight | 1 | 500 |
| Ring of Protection +4 | 2 | 600 |
| Claws of Attack +12 | 1 | 500 |
| total: | 35 | 11395g |
| Peon | 31 | 2325 | / | 0 |
| Troll Headhunter | 7 | 980 | / | 140 |
| Wind Rider | 7 | 1855 | / | 280 |
| Troll Berserker | 2 | 280 | / | 40 |
| Troll Witch Doctor | 1 | 145 | / | 25 |
| Shaman | 1 | 130 | / | 20 |
| Troll Batrider | 3 | 480 | / | 120 |
| Goblin Shredder | 1 | 375 | / | 100 |
| total: | 53 | 6570g | / | 725w |
| Watch Tower | 17 | 1870 | / | 1360 |
| Orc Burrow | 7 | 1120 | / | 280 |
| Altar of Storms | 1 | 180 | / | 50 |
| War Mill | 1 | 205 | / | 0 |
| Barracks | 2 | 360 | / | 100 |
| Voodoo Lounge | 2 | 260 | / | 60 |
| Great Hall | 8 | 3080 | / | 1480 |
| Spirit Lodge | 3 | 450 | / | 450 |
| Beastiary | 4 | 580 | / | 560 |
| Stronghold | 6 | 1890 | / | 1140 |
| Fortress | 7 | 2275 | / | 1330 |
| total: | 45 | 8105g | / | 4340w |
| 0:02 | Peon |
| 0:02 | Peon |
| 0:19 | Orc Burrow |
| 0:26 | Peon |
| 0:34 | Altar of Storms |
| 0:46 | Peon |
| 0:49 | War Mill |
| 0:59 | Peon |
| 1:05 | Barracks |
| 1:13 | Peon |
| 1:21 | Peon |
| 1:46 | Peon |
| 1:49 | Orc Burrow |
| 2:06 | Troll Headhunter |
| 2:14 | Voodoo Lounge |
| 2:26 | Troll Headhunter |
| 2:35 | Mirror Image |
| 2:41 | Troll Headhunter |
| 3:10 | Stronghold |
| 3:22 | Troll Headhunter |
| 3:40 | Troll Headhunter |
| 3:58 | Critical Strike |
| 4:28 | Troll Headhunter |
| 4:40 | Great Hall |
| 4:44 | Healing Salve |
| 4:49 | Healing Salve |
| 4:57 | Orc Burrow |
| 5:48 | Troll Regeneration |
| 5:53 | Mirror Image |
| 6:41 | Goblin Shredder |
| 7:02 | Hex |
| 7:17 | Healing Salve |
| 7:17 | Healing Salve |
| 7:17 | Scroll of Speed |
| 7:17 | Lesser Clarity Potion |
| 7:27 | Fortress |
| 7:29 | Peon |
| 7:45 | Spirit Lodge |
| 7:49 | Beastiary |
| 8:08 | Steel Ranged Weapons |
| 8:08 | Steel Armor |
| 8:30 | Healing Wave |
| 9:10 | Beastiary |
| 9:36 | Peon |
| 9:36 | Peon |
| 10:00 | Troll Headhunter |
| 10:22 | Potion of Healing |
| 10:23 | Potion of Healing |
| 10:27 | Peon |
| 10:27 | Peon |
| 10:27 | Peon |
| 10:27 | Peon |
| 10:41 | Berserker Upgrade |
| 10:49 | Critical Strike |
| 10:53 | Orb of Lightning |
| 10:58 | Envenomed Spears |
| 11:02 | Orc Burrow |
| 11:06 | War Stomp |
| 11:08 | Scroll of Speed |
| 11:57 | Thorium Armor |
| 11:58 | Thorium Ranged Weapons |
| 11:59 | Orc Burrow |
| 12:01 | Spirit Lodge |
| 13:23 | Arcanite Armor |
| 13:36 | Healing Wave |
| 13:49 | Witch Doctor Adept Training |
| 13:51 | Witch Doctor Master Training |
| 14:02 | Wind Rider |
| 14:02 | Wind Rider |
| 14:06 | Endurance Aura |
| 14:10 | Scroll of Healing |
| 14:11 | Potion of Lesser Invulnerability |
| 14:47 | Great Hall |
| 14:57 | Orc Burrow |
| 15:20 | Scroll of Town Portal |
| 16:24 | Great Hall |
| 16:37 | Wind Rider |
| 16:45 | Shaman Adept Training |
| 16:52 | War Stomp |
| 17:06 | Great Hall |
| 17:22 | Mirror Image |
| 17:51 | Pendant of Mana |
| 18:03 | Khadgar's Gem of Health |
| 18:56 | Stronghold |
| 19:19 | Hex |
| 20:07 | Wind Rider |
| 20:07 | Wind Rider |
| 20:13 | Pendant of Mana |
| 20:17 | Medallion of Courage |
| 20:23 | Peon |
| 20:24 | Peon |
| 21:01 | Endurance Aura |
| 21:24 | Fortress |
| 21:57 | Peon |
| 21:57 | Peon |
| 21:58 | Peon |
| 21:58 | Peon |
| 21:58 | Peon |
| 22:01 | Peon |
| 22:09 | Khadgar's Pipe of Insight |
| 22:28 | Peon |
| 24:27 | Great Hall |
| 24:37 | Stronghold |
| 24:54 | Healing Wave |
| 25:06 | Scroll of Town Portal |
| 25:48 | Spiked Barricades |
| 26:19 | Medallion of Courage |
| 26:39 | Orc Burrow |
| 27:03 | Stronghold |
| 27:05 | Fortress |
| 27:31 | Bladestorm |
| 28:16 | War Stomp |
| 30:09 | Great Hall |
| 30:18 | Wind Rider |
| 30:18 | Wind Rider |
| 30:20 | Critical Strike |
| 30:23 | Scroll of Town Portal |
| 30:31 | Watch Tower |
| 30:31 | Watch Tower |
| 30:32 | Watch Tower |
| 30:32 | Watch Tower |
| 30:36 | Big Bad Voodoo |
| 31:02 | Khadgar's Gem of Health |
| 32:26 | Reincarnation |
| 32:52 | Great Hall |
| 33:04 | Scroll of Town Portal |
| 33:08 | Scroll of Town Portal |
| 33:45 | Peon |
| 33:45 | Peon |
| 33:45 | Peon |
| 33:46 | Peon |
| 33:46 | Peon |
| 34:37 | Shaman Master Training |
| 34:38 | Arcanite Ranged Weapons |
| 34:39 | Reinforced Defenses |
| 34:40 | Improved Spiked Barricades |
| 35:16 | Watch Tower |
| 35:16 | Watch Tower |
| 35:17 | Watch Tower |
| 35:18 | Watch Tower |
| 35:23 | Watch Tower |
| 35:35 | Watch Tower |
| 35:55 | Watch Tower |
| 36:40 | Peon |
| 36:40 | Peon |
| 38:16 | Dust of Appearance |
| 38:57 | Fortress |
| 39:16 | Scroll of Town Portal |
| 39:19 | Scroll of Town Portal |
| 39:35 | Hex |
| 43:10 | Scroll of Town Portal |
| 43:43 | Great Hall |
| 44:16 | Khadgar's Gem of Health |
| 44:42 | Wind Walk |
| 44:43 | Endurance Aura |
| 46:06 | Dust of Appearance |
| 47:29 | Watch Tower |
| 47:30 | Watch Tower |
| 47:30 | Watch Tower |
| 47:31 | Watch Tower |
| 47:32 | Watch Tower |
| 47:32 | Watch Tower |
| 49:49 | Ring of Protection +4 |
| 53:00 | Beastiary |
| 53:01 | Spirit Lodge |
| 53:02 | Beastiary |
| 53:04 | Barracks |
| 53:06 | Voodoo Lounge |
| 53:31 | Ring of Protection +4 |
| 55:45 | Serpent Ward |
| 55:52 | Shockwave |
| 56:48 | Khadgar's Gem of Health |
| 57:10 | Claws of Attack +12 |
| 57:13 | Pendant of Mana |
| 59:35 | Wind Walk |
| 64:10 | Troll Berserker |
| 64:11 | Troll Berserker |
| 64:13 | Troll Witch Doctor |
| 64:13 | Shaman |
| 64:36 | Liquid Fire |
| 64:37 | Troll Batrider |
| 65:08 | Troll Batrider |
| 65:38 | Troll Batrider |
| 65:42 | Serpent Ward |
| 65:43 | Shockwave |
| 66:45 | Wind Walk |
| Right click | 3270 |
| Select group | 2995 |
| Select | 1341 |
| Misc. action | 1047 |
| Chat | 779 |
| Build/train/purchase | 288 |
| Use ability | 155 |
| Assign group | 92 |
| Item give/drop | 20 |
| Esc | 7 |
⇛